[Event "*** Titled Tuesday Blitz"]
[Site "Chess.com"]
[Date "2020.12.29"]
[Round "3"]
[White "Witik"]
[Black "Bigfish1995"]
[Result "0-1"]
[WhiteElo "2711"]
[BlackElo "3007"]
[TimeControl "180+1"]
[EndTime "10:28:02 PST"]
[Termination "Bigfish1995 won by resignation"]

1. d4 Nf6 2. Bf4 c5 3. e3 Qb6 4. Nc3 d6 5. Bb5+ Bd7 6. a4 Qa5 7. Nf3 a6 8. Bxd7+ Nbxd7 9. O-O g6 10. dxc5 Qxc5 11. Qd4 Qc6 12. e4 e5 13. Bxe5 dxe5 14.
Nxe5 Qc5 15. Qxc5 Bxc5 16. Nf3 O-O-O 17. h3 Rhe8 18. Rfe1 Ne5 19. Nxe5 Rxe5 20. Re2 Bd4 21. Rae1 Bxc3 22. bxc3 Rde8 23. f3 Rc5 24. Re3 Re6 25. Rd1 Rec6 26. Red3 Kb8 27. Rd8+ Rc8 28. R8d6 R5c6 29.
e5 Rxd6 30. Rxd6 Nh5 31. Rd7 Rc7 32. Rd8+ Ka7 33. Kf2 Nf4 34. h4 h5 35. g3 Ne6 36.
Rd6 Rxc3 37. Rd7 Rxc2+ 38. Ke3 Rc7 39. Rxc7 Nxc7 40. Kd4 Ne6+ 0-1

[Event "*** Titled Tuesday Blitz"]
[Site "Chess.com"]
[Date "2020.12.29"]
[Round "3"]
[White "orestn"]
[Black "DarZay"]
[Result "1-0"]
[WhiteElo "2336"]
[BlackElo "2111"]
[TimeControl "180+1"]
[EndTime "10:28:02 PST"]
[Termination "orestn won on time"]

1. e4 c5 2. Nf3 d6 3. d4 cxd4 4. Nxd4 Nf6 5. Nc3 Nc6 6. Bg5 e6 7. Qd2 a6 8. O-O-O Bd7 9. f4 Be7 10. Nf3 O-O 11. h4 b5 12. Bd3 b4 13. Ne2 Qa5 14. Kb1 h6 15. Ned4 Nxd4 16. Nxd4 Qc5 17. Nb3 Qb6 18. g4 a5 19. Bxf6 Bxf6 20. g5 a4 21. Nc1 Bxb2 22. Kxb2 Qd4+ 23. Kb1 a3 24. c3 bxc3 25. Qc2 Rfb8+ 26. Nb3 Ba4 27.
Ka1 Bxb3 28. axb3 Rb4 29. Bc4 Qe3 30. gxh6 Qxf4 31. Qg2 g6 32. h5 Qe5 33. Qc2 1-0

[Event "*** Titled Tuesday Blitz"]
[Site "Chess.com"]
[Date "2020.12.29"]
[Round "3"]
[White "Triumphmate"]
[Black "FloMaster111"]
[Result "0-1"]
[WhiteElo "2396"]
[BlackElo "2591"]
[TimeControl "180+1"]
[EndTime "10:28:03 PST"]
[Termination "FloMaster111 won by resignation"]

1. e4 c5 2. Nf3 Nc6 3. d4 cxd4 4.
Nxd4 Nf6 5. Nc3 e5 6. Ndb5 d6 7.
Bg5 a6 8. Na3 b5 9. Bxf6 gxf6 10. Nd5 f5 11. c3 Bh6 12. Qh5 Bg5 13. Bd3 f4 14. g3 Be6 15. gxf4 Bxf4 16. Nxf4 exf4 17.
O-O-O Ne5 18. Rhg1 Qb6 19. Nc2 Qxf2 20. Rgf1 Nxd3+ 21. Kb1 Qg2 22. Rg1 Qxe4 23. Rd2 O-O-O 24. Re2 Qc6 25. Nd4 Qd7 26. Qf3 Nc5 27. Qa8+ Kc7 28.
Qa7+ Nb7 29. Nxe6+ fxe6 30. Reg2 Ra8 31. Qd4 e5 32.
Qd5 Rhe8 33. Rg7 Re7 34. R7g5 Rf8 35. a4 bxa4 36. Qc4+ Nc5 37. Qd3 0-1

[Event "*** Titled Tuesday Blitz"]
[Site "Chess.com"]
[Date "2020.12.29"]
[Round "3"]
[White "MelihKaanCan"]
[Black "Babujj"]
[Result "0-1"]
[WhiteElo "2328"]
[BlackElo "2534"]
[TimeControl "180+1"]
[EndTime "10:28:04 PST"]
[Termination "Babujj won by resignation"]

1. e4 c5 2. Nf3 d6 3. c3 Nf6 4. h3 Nc6 5. Bd3 e6 6. Bc2 Be7 7. O-O O-O 8. d4 d5 9. e5 Ne4 10. Nbd2 f5 11. exf6 Nxf6 12. Re1 cxd4 13. cxd4 Bd6 14.
Nf1 Qc7 15. Bg5 h6 16. Bh4 Bd7 17. Rc1 Rac8 18. Bg3 Bxg3 19. Nxg3 Qd6 20. a3 Rce8 21. Ne5 Bc8 22. Qd3 Ne7 23. Nh5 Nf5 24. Nxf6+ gxf6 25. Ng4 Qf4 26. Ba4 Rd8 27. Rc7 Qxc7 28. Qd2 Qg7 29.
Rc1 h5 30. Ne3 Nxe3 31. Qxe3 e5 32. Bb3 Be6 33. Re1 Rde8 34. Qe2 Qg5 35. h4 Qg4 36. Qd2 exd4 37. g3 Bf7 38. Rc1 Re2 39. Qd3 Rfe8 40.
Kg2 Qe4+ 0-1

[Event "*** Titled Tuesday Blitz"]
[Site "Chess.com"]
[Date "2020.12.29"]
[Round "3"]
[White "Mambastik-Fantastic"]
[Black "Ave_Mariia"]
[Result "0-1"]
[WhiteElo "2219"]
[BlackElo "2500"]
[TimeControl "180+1"]
[EndTime "10:28:04 PST"]
[Termination "Ave_Mariia won by resignation"]

1. e4 c5 2. Nf3 d6 3. d4 cxd4 4. Nxd4 Nf6 5. Nc3 g6 6. Be3 Bg7 7. f3 O-O 8. Qd2 Nc6 9. g4 Be6 10. Nxe6 fxe6 11. O-O-O Ne5 12. Be2 Qc8 13. Kb1 Nfd7 14. f4 Nc4 15. Bxc4 Qxc4 16. e5 Rad8 17. exd6 exd6 18. h4 Bxc3 19. Qxc3 Qxc3 20. bxc3 Nf6 21. Rdg1 Nd5 22. Bxa7 Nxc3+ 23. Kb2 Na4+ 24. Kb3 Rxf4 25. h5 b6 26. hxg6 hxg6 27. Rh6 Rc8 28. Rg3 Kg7 29. Rgh3 Rxg4 30. Rh7+ Kf6 31. Rf3+ Ke5 32. c3 d5 33. Kc2 Rg2+ 34. Kb3 Nc5+ 35. Kb4 Rb2+ 36. Ka3 Rb5 37. Re7 Ra8 0-1

[Event "*** Titled Tuesday Blitz"]
[Site "Chess.com"]
[Date "2020.12.29"]
[Round "3"]
[White "vanyakuba"]
[Black "yuki_chess123"]
[Result "0-1"]
[WhiteElo "2472"]
[BlackElo "2198"]
[TimeControl "180+1"]
[EndTime "10:28:04 PST"]
[Termination "yuki_chess123 won on time"]

1. e4 g6 2. d4 Bg7 3. Nc3 c6 4. h3 d6 5. g3 Nf6 6. a4 Nbd7 7.
Bg2 a5 8. Nge2 e5 9. O-O O-O 10. b3 Re8 11. Ba3 Bf8 12. Qd2 exd4 13. Nxd4 Nc5 14.
Rfe1 Qb6 15. Kh2 Bg7 16. Rad1 h5 17. f4 Bd7 18. Qf2 h4 19. gxh4 Nh5 20. Kh1 Rad8 21. Bb2 Bc8 22. f5 Be5 23. fxg6 Ng3+ 24. Kg1 fxg6 25.
Nf3 Nd3 26. cxd3 Bd4 0-1

[Event "*** Titled Tuesday Blitz"]
[Site "Chess.com"]
[Date "2020.12.29"]
[Round "3"]
[White "Son_of_Sultan"]
[Black "MillyNeuf"]
[Result "1-0"]
[WhiteElo "2538"]
[BlackElo "2333"]
[TimeControl "180+1"]
[EndTime "10:28:05 PST"]
[Termination "Son_of_Sultan won on time"]

1. e4 c5 2. Nf3 d6 3. Bc4 e6 4. O-O a6 5. d3 b5 6. Bb3 Bb7 7. Re1 Be7 8. c3 Nf6 9. Nbd2 O-O 10. Nf1 Nc6 11. Ng3 Ne5 12. Bc2 Nxf3+ 13. Qxf3 Re8 14. a4 b4 15. a5 Rb8 16. Ba4 Rf8 17. Bd2 Qxa5 18.
cxb4 cxb4 19. d4 Qb6 20. d5 exd5 21. Nf5 Bd8 22. Qg3 g6 23. Be3 Qc7 24. Bd4 dxe4 25.
Rac1 Qa5 26. Bd7 Bc8 27. Rxc8 Rxc8 28. Bxc8 Qc7 29. Nxd6 Be7 30. Nf5 Qxc8 31. Nxe7+ 1-0

[Event "*** Titled Tuesday Blitz"]
[Site "Chess.com"]
[Date "2020.12.29"]
[Round "3"]
[White "GregShahade"]
[Black "FrenchMonster2002"]
[Result "1-0"]
[WhiteElo "2672"]
[BlackElo "2424"]
[TimeControl "180+1"]
[EndTime "10:28:06 PST"]
[Termination "GregShahade won on time"]

1. e4 g6 2. d4 Bg7 3. Nc3 a6 4. Nf3 b5 5. Bf4 Bb7 6. Bd3 d6 7. e5 Nc6 8. Qe2 dxe5 9. dxe5 Nd4 10. Nxd4 Qxd4 11. Bxb5+ Kf8 12. Be3 Qxe5 13. Bc4 Bxg2 14. Rg1 Bc6 15. O-O-O Rb8 16. Rg5 f5 17. Qd2 Nf6 18. Bd4 Qxh2 19. Bb3 Bh6 20. Be3 Bxg5 21. Bxg5 Kg7 22. Re1 Rhe8 23. Qd4 Qd6 24. Qh4 h5 25. Ne2 Rbd8 26. Ng3 Bd5 27. Rg1 Bf3 28. Nxf5+ gxf5 29. Bf4+ 1-0

[Event "*** Titled Tuesday Blitz"]
[Site "Chess.com"]
[Date "2020.12.29"]
[Round "3"]
[White "PSvidler"]
[Black "PlotnikovPavel"]
[Result "1-0"]
[WhiteElo "2820"]
[BlackElo "2446"]
[TimeControl "180+1"]
[EndTime "10:28:07 PST"]
[Termination "PSvidler won by resignation"]

1. e4 c5 2. Nf3 d6 3. d4 cxd4 4. Nxd4 Nf6 5. Nc3 g6 6. g3 Bg7 7.
Bg2 O-O 8. h3 Nc6 9. Nde2 Bd7 10. Qd2 a6 11. b3 Rc8 12. Bb2 b5 13. O-O-O Qb6 14. Rhf1 a5 15. Kb1 Ra8 16. Nd5 Nxd5 17. exd5 Nb4 18. Bxg7 Kxg7 19. Nd4 Ra7 20. Rfe1 Re8 21.
Re3 Na6 22. Rde1 Bc8 23. Nc6 Rc7 24. Nxe7 a4 25. Nc6 Rxe3 26. Rxe3 axb3 27. axb3 Bb7 28. Qc3+ f6 29. g4 Qc5 30. Qxc5 Nxc5 31. b4 Na4 32. Re6 Nc3+ 33. Kb2 Nxd5 34. Bxd5 Bxc6 35. Rxd6 Bxd5 36. Rxd5 Rb7 37. c4 bxc4 38. Kc3 Rc7 39. b5 Kf7 40. b6 Rc6 41. Rb5 Rc8 42. b7 Rb8 43. Kxc4 Ke6 44. Rb6+ Kd7 45. Rxf6 Rxb7 46. Rf7+ Kc6 47. Rxb7 Kxb7 48.
Kd5 Kc7 49. Ke6 h5 50. Kf6 hxg4 51. hxg4 Kd6 52. Kxg6 Ke5 53. g5 Kf4 54. Kf6 Kf3 55.
g6 Kxf2 56. g7 1-0

[Event "*** Titled Tuesday Blitz"]
[Site "Chess.com"]
[Date "2020.12.29"]
[Round "3"]
[White "SHIVACalypso"]
[Black "KubaGepard"]
[Result "1-0"]
[WhiteElo "2470"]
[BlackElo "2289"]
[TimeControl "180+1"]
[EndTime "10:28:07 PST"]
[Termination "SHIVACalypso won by resignation"]

1. Nf3 d5 2. c4 dxc4 3. e3 Nf6 4.
Bxc4 e6 5. d4 c5 6. O-O Nc6 7.
Bb5 Bd7 8. Nc3 cxd4 9. Nxd4 Nxd4 10. Qxd4 Bxb5 11. Nxb5 a6 12. Nc3 Qxd4 13. exd4 Bb4 14.
Be3 Ke7 15. a3 Bxc3 16. bxc3 Rac8 17. Rfc1 Rc4 18. Rab1 b5 19. Rb4 Rhc8 20. Rxc4 Rxc4 21.
f3 Nd5 22. Bd2 Ra4 23. Ra1 Nb6 24. Kf1 Nc4 25. Bc1 a5 26. Ke2 Kd6 27. Kd3 Kd5 28. Kc2 g6 29. Kb3 Nb6 30. Bb2 Rc4 31. Re1 f6 32. g4 Na4 33. g5 Nxb2 34. Kxb2 b4 35.
gxf6 bxc3+ 36. Kc2 Rxd4 37. Rd1 Rxd1 38. Kxd1 Kd6 39. Kc2 g5 40. Kxc3 e5 41. Kc4 Ke6 42.
Kb5 Kxf6 43. Kxa5 h5 44. Kb5 g4 45. fxg4 hxg4 46. a4 Ke6 47. Kc5 Kd7 48. Kd5 Kc7 49. Kxe5 Kb6 50. Kf4 Ka5 51. Kxg4 Kxa4 52. h4 Kb5 53. h5 Kc6 54. h6 Kd7 55. h7 1-0

[Event "*** Titled Tuesday Blitz"]
[Site "Chess.com"]
[Date "2020.12.29"]
[Round "3"]
[White "klimkoj"]
[Black "FairChess_on_YouTube"]
[Result "0-1"]
[WhiteElo "2581"]
[BlackElo "3006"]
[TimeControl "180+1"]
[EndTime "10:28:08 PST"]
[Termination "FairChess_on_YouTube won by resignation"]

1. e4 c5 2. Nf3 e6 3. d4 cxd4 4. Nxd4 a6 5. Bd3 Bc5 6. Nb3 Ba7 7. Qg4 Nf6 8. Qe2 d6 9. O-O O-O 10. Nc3 Nbd7 11. Be3 Bxe3 12. Qxe3 b5 13. a3 Bb7 14. Rad1 Qc7 15. Be2 Rfd8 16. Rd2 Nb6 17. Rfd1 Na4 18. Nxa4 bxa4 19. Nd4 Nxe4 20. Rd3 Rac8 21. f3 Nc5 22.
R3d2 g6 23. h4 e5 24. Nf5 gxf5 25. Qg5+ Kf8 26. Qh6+ Ke7 27. Qg5+ Ke6 28. g4 fxg4 29. Bc4+ d5 30. fxg4 Qe7 31. Qf5+ Kd6 32. Bxd5 Bxd5 33. Rxd5+ Kc6 34. Rd6+ Rxd6 35. Qxc8+ Kb6 36. Qb8+ Nb7 37. Rxd6+ Qxd6 38. Qh8 Qd1+ 39. Kg2 Qxc2+ 40. Kg3 Qb3+ 41. Kf2 Qxb2+ 42. Ke1 Qxa3 43. Qxe5 Qb4+ 44. Kd1 Qd6+ 45. Qxd6+ Nxd6 0-1

[Event "*** Titled Tuesday Blitz"]
[Site "Chess.com"]
[Date "2020.12.29"]
[Round "3"]
[White "drragnar1"]
[Black "ENajer77"]
[Result "0-1"]
[WhiteElo "2419"]
[BlackElo "2644"]
[TimeControl "180+1"]
[EndTime "10:28:10 PST"]
[Termination "ENajer77 won by checkmate"]

1. g3 d5 2. Bg2 e5 3. Nf3 Nc6 4. d3 g6 5. O-O Bg7 6. c4 Nge7 7. cxd5 Nxd5 8. Nc3 Nxc3 9. bxc3 e4 10. Ng5 exd3 11. exd3 O-O 12. d4 h6 13. Ne4 Re8 14.
Re1 Rb8 15. Nc5 Rxe1+ 16. Qxe1 b6 17. Bxc6 bxc5 18. Ba3 Rb6 19. d5 Bh3 20. f3 Qf6 21. Bxc5 Rb2 22. d6 cxd6 23. Bd4 Qxd4+ 24. cxd4 Bxd4+ 25. Kh1 Bg2# 0-1

[Event "*** Titled Tuesday Blitz"]
[Site "Chess.com"]
[Date "2020.12.29"]
[Round "3"]
[White "profofchess"]
[Black "Iball95"]
[Result "0-1"]
[WhiteElo "2412"]
[BlackElo "2611"]
[TimeControl "180+1"]
[EndTime "10:28:10 PST"]
[Termination "Iball95 won by resignation"]

1. e4 e5 2. Nf3 Nc6 3. Nc3 Nf6 4. h3 Bb4 5. Nd5 Bc5 6. c3 Nxe4 7. d4 exd4 8. Bd3 Nf6 9. Qe2+ Kf8 10. Nxf6 Qxf6 11. b4 Bd6 12. b5 Ne5 13. Nxd4 Nxd3+ 14. Qxd3 b6 15. O-O Bb7 16. Nf5 Bc5 17. Be3 d6 18.
Bxc5 bxc5 19. Rae1 g6 20. Ne3 Kg7 21. Ng4 Qh4 22. Re7 Qxe7 23. c4 Rhe8 24. Qc3+ f6 25. Qc1 f5 26. Qh6+ Kg8 27. Ne3 Qg7 28. Qf4 Re4 29.
Qg5 Rae8 30. Rd1 Qe7 31. Qg3 f4 0-1

[Event "*** Titled Tuesday Blitz"]
[Site "Chess.com"]
[Date "2020.12.29"]
[Round "3"]
[White "supertfc"]
[Black "Geller_Jakov"]
[Result "0-1"]
[WhiteElo "2393"]
[BlackElo "2599"]
[TimeControl "180+1"]
[EndTime "10:28:10 PST"]
[Termination "Geller_Jakov won on time"]

1. e4 c5 2. Nf3 d6 3. d4 cxd4 4. Nxd4 Nf6 5. Nc3 e6 6. Be3 a6 7. Be2 Be7 8. O-O O-O 9. f4 Nc6 10. Kh1 Qc7 11. a4 Nxd4 12. Bxd4 e5 13. Be3 exf4 14.
Bxf4 Be6 15. Bd3 Nd7 16. Nd5 Bxd5 17. exd5 Bf6 18. c3 g6 19. Bh6 Bg7 20. Qd2 Ne5 21. Bxg7 Kxg7 22. Bc2 Rae8 23. Qd4 f5 24. a5 Rf7 25. Rfe1 Rfe7 26. h3 Kg8 27. Bb3 Nd7 28.
Re6 Nc5 29. Bc4 Nxe6 30. dxe6 Qc5 31. Qxc5 dxc5 32. Re1 Kg7 33. Re5 Rc8 34. Rd5 Kf6 35. Rd6 Ke5 36. Rd2 Rc6 37. Kg1 Rd6 38. Re2+ Kf6 39.
Kf2 g5 40. Kf3 h5 41. h4 gxh4 42. Kf4 Rg7 43. Kf3 Rg3+ 44. Kf2 Rg7 45. Re1 Rd2+ 46. Kf3 Rdxg2 0-1

[Event "*** Titled Tuesday Blitz"]
[Site "Chess.com"]
[Date "2020.12.29"]
[Round "3"]
[White "Fh2411"]
[Black "stasiek18"]
[Result "1-0"]
[WhiteElo "2572"]
[BlackElo "2380"]
[TimeControl "180+1"]
[EndTime "10:28:10 PST"]
[Termination "Fh2411 won on time"]

1. d4 Nf6 2. Nf3 g6 3. g3 Bg7 4. Bg2 O-O 5. O-O d5 6. c4 dxc4 7. Na3 Nc6 8. Nxc4 Be6 9. b3 Bd5 10. Bb2 a5 11. a4 Re8 12. e3 Qb8 13. Rc1 e6 14. Nfe5 Bxg2 15. Kxg2 Nxe5 16. Nxe5 Rd8 17. Qf3 Ra6 18. g4 g5 19. h4 h6 20. hxg5 hxg5 21. Ba3 Re8 22. Rh1 Rb6 23. Rh5 Rxb3 24. Rxg5 Qd8 25. Rxg7+ Kxg7 26. g5 Qd5 27. gxf6+ Kg8 28. Be7 Qxf3+ 29. Kxf3 c6 30. Rg1+ Kh7 31. Rg7+ Kh6 32. Nxf7+ Kh5 33. Ne5 Rh8 34. f7 b5 35.
Rg8 1-0

[Event "*** Titled Tuesday Blitz"]
[Site "Chess.com"]
[Date "2020.12.29"]
[Round "3"]
[White "PabloZarnicki"]
[Black "NoGalloNoParty"]
[Result "1-0"]
[WhiteElo "2564"]
[BlackElo "2370"]
[TimeControl "180+1"]
[EndTime "10:28:10 PST"]
[Termination "PabloZarnicki won on time"]

1. e4 c5 2. Nf3 d6 3. Bb5+ Nd7 4.
d4 cxd4 5. Qxd4 a6 6. Bxd7+ Bxd7 7.
Nc3 e6 8. Bg5 Nf6 9. O-O-O Be7 10. e5 dxe5 11. Nxe5 Bc6 12. Nxc6 bxc6 13. Qc4 Qb6 14. Be3 Qb7 15. Bc5 O-O 16. Bxe7 Qxe7 17. Ne4 Nd5 18. Qc5 Qb7 19. c4 Rab8 20. Rd2 Nb4 21.
Kb1 Nd3 22. Qa3 Ne5 23. Nd6 Qb6 24. Rhd1 c5 25. f4 Nc6 26. Ne4 Nb4 27. Qe3 a5 28. Qxc5 Qb7 29. Nd6 Qe7 30. Ne4 Qh4 31. g3 Qg4 32.
Qe3 h5 33. a3 Nc6 34. Ka2 a4 35. Nf2 Qf5 36. Qe4 Qxe4 37. Nxe4 Na5 38. Nd6 Rfd8 39.
c5 Rd7 40. Ne4 Rc7 41. Rd7 Rxd7 42. Rxd7 Nb3 43. c6 Rc8 44. c7 Kh7 45. Nd6 1-0

[Event "*** Titled Tuesday Blitz"]
[Site "Chess.com"]
[Date "2020.12.29"]
[Round "3"]
[White "Siniauski"]
[Black "Eternauta2400"]
[Result "0-1"]
[WhiteElo "2591"]
[BlackElo "2435"]
[TimeControl "180+1"]
[EndTime "10:28:11 PST"]
[Termination "Eternauta2400 won on time"]

1. e4 e5 2. Nf3 Nc6 3. Bb5 a6 4. Ba4 Nf6 5. O-O Bc5 6. c3 b5 7. Bc2 d6 8. h3 Bb7 9. d4 Ba7 10. a4 O-O 11. d5 Ne7 12. Qe2 c6 13. dxc6 Bxc6 14. Rd1 Ng6 15. Be3 Bxe3 16. Qxe3 Qc7 17.
axb5 axb5 18. Rxa8 Rxa8 19. Na3 Rb8 20. b4 h6 21. Nd2 Nf4 22. Nf1 Ra8 23. Nb1 Ra2 24. Rd2 Rxc2 25. Rxc2 Bxe4 26. Rc1 Nxg2 27. Qg3 Nf4 28.
Qe3 Qd7 29. Kh2 Qf5 30. Nbd2 Bc6 31. c4 bxc4 32. Rxc4 Bd5 33. Rc3 Be6 34. b5 N4d5 35. Qf3 Nxc3 36. Qxc3 Qxf2+ 37. Kh1 Bd5+ 0-1

[Event "*** Titled Tuesday Blitz"]
[Site "Chess.com"]
[Date "2020.12.29"]
[Round "3"]
[White "Artyom_ChessMate"]
[Black "Homino"]
[Result "0-1"]
[WhiteElo "2496"]
[BlackElo "2295"]
[TimeControl "180+1"]
[EndTime "10:28:11 PST"]
[Termination "Homino won by checkmate"]

1. e4 c5 2. Nc3 g6 3. d4 cxd4 4. Qxd4 Nf6 5. e5 Nc6 6. Qa4 Nxe5 7. Bf4 Nc6 8. h4 h5 9. Nf3 Bg7 10. Bc4 O-O 11. Ng5 d5 12. Bb3 e5 13.
Bd2 Nd4 14. O-O-O Bd7 15. Qa3 Bc6 16. f3 Re8 17. Na4 Bf8 18. Bb4 Nb5 19. Bxf8 Nxa3 20.
Bxa3 Rc8 21. Nc5 b6 22. Nd3 Rc7 23. Rhe1 a5 24. Nxe5 Rxe5 25. Rxe5 a4 26. Rde1 axb3 27. axb3 Kg7 28. Be7 Qc8 29. g4 hxg4 30. Bxf6+ Kxf6 31. fxg4 Qxg4 32. R5e3 Qxh4 33. Nf3 Qf4 34. Kb1 d4 35. Rd3 Bxf3 36. Rf1 Kg7 37. Rdxf3 Qe4 38. Rf4 Qxc2+ 39. Ka2 Ra7# 0-1

[Event "*** Titled Tuesday Blitz"]
[Site "Chess.com"]
[Date "2020.12.29"]
[Round "3"]
[White "Xeslu"]
[Black "Stouuf"]
[Result "0-1"]
[WhiteElo "2286"]
[BlackElo "2601"]
[TimeControl "180+1"]
[EndTime "10:28:12 PST"]
[Termination "Stouuf won on time"]

1. e4 c5 2. Nf3 Nc6 3. Bb5 e6 4. O-O Nge7 5. c3 d5 6. exd5 Qxd5 7. Qe2 Bd7 8. d3 Nf5 9. Bf4 Nd6 10. Ba4 Be7 11.
Nbd2 O-O 12. Bb3 Qh5 13. h3 Rfd8 14. Rfe1 Rac8 15. Nf1 Nf5 16. g4 Qg6 17. Kh2 Bd6 18. Ne5 Bxe5 19. Bxe5 Nfe7 20. Bg3 Be8 21. Bc2 Qf6 22.
Nd2 Ng6 23. Ne4 Qe7 24. Rad1 e5 25. Qe3 b6 26. Bb3 h6 27. Nd2 Kh8 28. Nc4 f6 29.
Qe4 Qd7 30. Ne3 Nce7 31. Nc2 Qc6 32. d4 Qxe4 33. Rxe4 c4 0-1

[Event "*** Titled Tuesday Blitz"]
[Site "Chess.com"]
[Date "2020.12.29"]
[Round "3"]
[White "Titus369"]
[Black "FMalexhdez"]
[Result "1-0"]
[WhiteElo "2538"]
[BlackElo "2272"]
[TimeControl "180+1"]
[EndTime "10:28:12 PST"]
[Termination "Titus369 won by resignation"]

1. e4 c5 2. Nf3 d6 3. d4 cxd4 4. Nxd4 Nf6 5. Nc3 a6 6. h3 e5 7. Nde2 h5 8. Ng1 Be7 9. Nf3 Nc6 10. a4 Be6 11. Ng5 Qd7 12. Nxe6 fxe6 13. Bc4 Nd4 14. Bg5 Rc8 15. Bd3 d5 16. exd5 exd5 17. Bg6+ Kf8 18. O-O Rd8 19. Re1 Nc6 20. Qd2 d4 21. Ne4 Nxe4 22. Rxe4 Bxg5 23. Qxg5 Qe7 24. Qg3 h4 25.
Qg4 Rh6 26. Ra3 Kg8 27. Rf3 Qd7 28. Qg5 Qd6 29. Bf7+ Kh8 30. Rxh4 Rf8 31. Rg4 Rh7 32. Bd5 Rxf3 33. Bxf3 Qf6 34. Qg6 Qe7 35. Rg5 Rh6 36.
Rh5 Rxh5 37. Qxh5+ Kg8 38. Bd5+ 1-0

[Event "*** Titled Tuesday Blitz"]
[Site "Chess.com"]
[Date "2020.12.29"]
[Round "3"]
[White "Zhigalko_Sergei"]
[Black "realmadridtv"]
[Result "1-0"]
[WhiteElo "2850"]
[BlackElo "2453"]
[TimeControl "180+1"]
[EndTime "10:28:14 PST"]
[Termination "Zhigalko_Sergei won by resignation"]

1. e4 e5 2. Nf3 Nc6 3. Bc4 Bc5 4.
b4 Bb6 5. a4 a6 6. Nc3 Nf6 7.
Nd5 Nxd5 8. exd5 Ne7 9. a5 Ba7 10. Nxe5 Bd4 11. Nxf7 Kxf7 12. d6+ Ke8 13. c3 Bf6 14.
dxe7 Qxe7+ 15. Be2 d5 16. O-O d4 17. Re1 Kd8 18. Bxa6 Qxe1+ 19. Qxe1 Rxa6 20. Qf1 Re8 21. Bb2 Rae6 22. cxd4 R6e7 23. b5 Bd7 24. h3 Kc8 25. a6 b6 26. Qc4 Re1+ 27. Rxe1 Rxe1+ 28. Kh2 Re6 29. Qd5 c6 30. bxc6 Rxc6 31. a7 Kb7 32. Qxd7+ Rc7 33. Qxc7+ 1-0

[Event "*** Titled Tuesday Blitz"]
[Site "Chess.com"]
[Date "2020.12.29"]
[Round "3"]
[White "TheKingDoctor"]
[Black "tylityli"]
[Result "0-1"]
[WhiteElo "2197"]
[BlackElo "2360"]
[TimeControl "180+1"]
[EndTime "10:28:15 PST"]
[Termination "tylityli won by resignation"]

1. e4 e5 2. Nf3 Nc6 3. Bb5 a6 4. Ba4 Nf6 5. Qe2 b5 6. Bb3 Be7 7. O-O O-O 8. c3 d6 9. h3 Be6 10. Bc2 h6 11. d4 Bc4 12. Bd3 Bxd3 13. Qxd3 Re8 14. d5 Na5 15. Be3 c6 16. b4 cxd5 17.
exd5 e4 18. Qd4 exf3 19. bxa5 fxg2 20. Kxg2 Qxa5 21. Nd2 Rac8 22. Rfc1 Nh7 23. Ne4 Rc4 24. Qd3 Bf8 25. Bd4 Qc7 26. Nd2 Ra4 27. Qg3 Kh8 28. Nf3 Qb7 29. Rd1 Qd7 30. Nh4 Ng5 31. Re1 Rxe1 32.
Rxe1 Rxa2 33. Qf4 Qxh3+ 34. Kg1 Qxh4 35. Qxh4 Nf3+ 36. Kf1 Nxh4 37. Re8 Kg8 0-1

[Event "*** Titled Tuesday Blitz"]
[Site "Chess.com"]
[Date "2020.12.29"]
[Round "3"]
[White "Lagmantr"]
[Black "KyronGriffith"]
[Result "1-0"]
[WhiteElo "2790"]
[BlackElo "2557"]
[TimeControl "180+1"]
[EndTime "10:28:17 PST"]
[Termination "Lagmantr won by checkmate"]

1. e4 c5 2. Nf3 d6 3. d4 cxd4 4. Nxd4 Nf6 5. Nc3 a6 6. Be3 e6 7. g4 e5 8. Nf5 g6 9. g5 gxf5 10. exf5 d5 11. gxf6 d4 12. Bc4 Bxf5 13. Qf3 Qc8 14.
O-O-O dxc3 15. Bb3 cxb2+ 16. Kb1 Nc6 17. Bb6 Bg4 18. Qe4 Qf5 19. Qc4 Bh5 20. f4 Qxf6 21. fxe5 Qe7 22. e6 f6 23. Rd7 Qb4 24. Rxb7 Qxc4 25.
Bxc4 Bf3 26. Rf1 Ne5 27. Rc7 Nxc4 28. Rxc4 Bd5 29. Rc7 Bd6 30. Rd7 Bc4 31. Rxf6 Be5 32. Rff7 Rg8 33. Rde7# 1-0

[Event "*** Titled Tuesday Blitz"]
[Site "Chess.com"]
[Date "2020.12.29"]
[Round "3"]
[White "Blue_Ratatoeskr"]
[Black "Natalya_Buksa"]
[Result "0-1"]
[WhiteElo "2347"]
[BlackElo "2540"]
[TimeControl "180+1"]
[EndTime "10:28:18 PST"]
[Termination "Natalya_Buksa won on time"]

1. c4 e6 2. g3 d5 3. Bg2 Nf6 4. Nf3 Be7 5. d4 O-O 6. Qc2 dxc4 7. Nbd2 Nc6 8. Qxc4 Rb8 9. O-O Nb4 10. a3 b5 11.
Qb3 Nc6 12. Qd3 a5 13. b3 Ba6 14. Re1 Qc8 15. Qc2 Qd7 16. Bb2 b4 17. a4 Rfd8 18.
Rac1 Bb7 19. Nc4 Qe8 20. Red1 Nd5 21. e4 Nc3 22. Bxc3 bxc3 23. Qxc3 Bb4 24. Qc2 Ne7 25.
Nce5 Rbc8 26. Ng5 f6 27. Nxe6 fxe5 28. Nxd8 Rxd8 29. Qxc7 Ba6 30. dxe5 Rc8 31. Qa7 Be2 32. Rxc8 Qxc8 33. Rb1 Ng6 34. Qe3 Ba6 35. Rc1 Qd7 36. Qb6 Be2 37. Qb8+ Nf8 38. Bf1 Bxf1 39. Kxf1 Qd3+ 40.
Kg1 Qxe4 41. Rc4 Qe1+ 42. Kg2 Qd1 43. Qb6 Qd5+ 44. Kg1 h6 0-1

[Event "*** Titled Tuesday Blitz"]
[Site "Chess.com"]
[Date "2020.12.29"]
[Round "3"]
[White "ambaixador"]
[Black "Andrakhanova"]
[Result "1-0"]
[WhiteElo "2427"]
[BlackElo "2240"]
[TimeControl "180+1"]
[EndTime "10:28:19 PST"]
[Termination "ambaixador won by resignation"]

1. e4 c5 2. Nf3 e6 3. c3 Nf6 4.
d3 b6 5. g3 Bb7 6. Bg2 Nc6 7.
O-O Be7 8. Qe2 d5 9. e5 Nd7 10.
h4 Qc7 11. Re1 O-O-O 12. a4 a5 13. Na3 Ba6 14. Nb5 Bxb5 15. axb5 Na7 16. b4 cxb4 17. cxb4 Bxb4 18. Bd2 Bxd2 19. Qxd2 Kb8 20. Rec1 Qb7 21. Qg5 g6 22. Nd4 h6 23. Qf4 g5 24. hxg5 hxg5 25. Qxg5 Rdg8 26. Qe3 Rh5 27. Nc6+ Ka8 28. d4 Nxb5 29. Qe2 Na7 30. Nxa7 Kxa7 31. Qxh5 Nb8 32. Qe2 Nc6 33. Qd2 Rg4 34. Qc2 Nxd4 35. Qd1 Qa6 36. Qxg4 Ne2+ 37. Kh2 Nxc1 38. Rxc1 Qd3 39. Rc7+ Kb8 40.
Rxf7 1-0

[Event "*** Titled Tuesday Blitz"]
[Site "Chess.com"]
[Date "2020.12.29"]
[Round "3"]
[White "anpospan"]
[Black "juli2512"]
[Result "1-0"]
[WhiteElo "2327"]
[BlackElo "2097"]
[TimeControl "180+1"]
[EndTime "10:28:19 PST"]
[Termination "anpospan won by resignation"]

1. d4 f5 2. Nc3 Nf6 3. Bg5 e6 4. e4 fxe4 5. Nxe4 Be7 6. Bxf6 Bxf6 7. Nf3 O-O 8. Bd3 Nc6 9. c3 d5 10. Ng3 e5 11. dxe5 Nxe5 12. Nxe5 Bxe5 13. O-O Qg5 14.
Qe2 c6 15. Rae1 Bd6 16. c4 Bg4 17. Qc2 Qh4 18. cxd5 cxd5 19. Qb3 Kh8 20. Qxd5 Rad8 21. Qe4 Bxg3 22. fxg3 Qh5 23. Rxf8+ Rxf8 24. h3 Qc5+ 25. Qe3 Qxe3+ 26. Rxe3 Bh5 27. g4 Bf7 28. Rf3 Kg8 29.
b3 Rd8 30. Bxh7+ Kxh7 31. Rxf7 Rd1+ 32. Kh2 Rd2 33. a4 b6 34. Rxa7 Rd3 35. b4 Rb3 36. b5 Rb4 37. Ra6 g6 38. Rxb6 Rxa4 39. g5 Kg7 40. Rb7+ Kf8 41. b6 Ke8 42. Rh7 Rb4 43. b7 1-0

[Event "*** Titled Tuesday Blitz"]
[Site "Chess.com"]
[Date "2020.12.29"]
[Round "3"]
[White "Mikasinski"]
[Black "annamaja"]
[Result "1-0"]
[WhiteElo "2517"]
[BlackElo "2287"]
[TimeControl "180+1"]
[EndTime "10:28:20 PST"]
[Termination "Mikasinski won on time"]

1. e4 e6 2. d4 d5 3. Nc3 Nf6 4. Bg5 dxe4 5. Nxe4 Nbd7 6. Nf3 Be7 7. Nxf6+ Bxf6 8.
h4 c5 9. Bd3 cxd4 10. Qe2 Qa5+ 11. Bd2 Qb6 12. b3 Nc5 13. Bb5+ Bd7 14. Bxd7+ Nxd7 15. Rd1 Rc8 16. Rc1 O-O 17. O-O Rfd8 18. g4 Nc5 19. g5 Be7 20. Ne5 Rd5 21. Nc4 Qc7 22.
f4 d3 23. Qg4 dxc2 24. Rxc2 Ne4 25. Be1 Bc5+ 26. Kg2 Bd4 27. f5 exf5 28. Rxf5 Rxf5 29. Qxf5 Re8 30. Re2 Qc6 31. Na5 1-0